 Dungeon Crawl Stone Soup version 0.31-a0-1172-g9944ec47dd (webtiles) character file.

Game seed: 9175459238373232492

87 Okkudo the Chopper (level 4, 0/39 HPs)
             Began as a Hill Orc Monk on Dec 11, 2023.
             Slain by an iguana (3 damage)
             ... on level 3 of the Dungeon.
             The game lasted 00:05:03 (1782 turns).

Okkudo the Chopper (Hill Orc Monk)                  Turns: 1782, Time: 00:05:04

Health: 0/39       AC:  8    Str: 21    XL:     4   Next: 51%
Magic:  4/4        EV:  8    Int: 10    God:
Gold:   88         SH:  0    Dex: 13    Spells: 3/3 levels left

rFire   . . .        a - +0 hand axe
rCold   . . .        d - orb {light}
rNeg    . . .        f - +0 chain mail
rPois   .            (no helmet)
rElec   .            (no cloak)
rCorr   .            (no gloves)
SInv    .            (no boots)
Will    .....        g - amulet of the acrobat Stlth
                     i - +6 ring of strength
HPRegen 0.26/turn    (no ring)
MPRegen 0.09/turn

%: acrobat
@: glowing
A: no striking features
a: no special abilities


You were on level 3 of the Dungeon.
You visited 1 branch of the dungeon, and saw 3 of its levels.

You collected 192 gold pieces.
You spent 104 gold pieces at shops.

Inventory:

Hand Weapons
 a - a +0 hand axe (weapon)
 m - a +0 halberd
Armour
 d - an orb of light (worn)
 f - a +0 chain mail (worn)
Jewellery
 g - an amulet of the acrobat (around neck)
 i - a +6 ring of strength (left hand)
 k - an amulet of magic regeneration
Scrolls
 h - 3 scrolls of identify
 j - 2 scrolls of teleportation {unknown}
 o - a scroll of enchant weapon
Potions
 b - a potion of lignification {unknown}
 c - a potion of ambrosia
 e - a potion of attraction {unknown}
 l - a potion of resistance {unknown}
 n - a potion of curing {unknown}
 p - a potion of enlightenment {unknown}


   Skills:
 - Level 3.6 Fighting
 * Level 6.8 Axes
 - Level 2.4 Dodging


You had 3 spell levels left.
You didn't know any spells.
Your spell library was empty.

Dungeon Overview and Level Annotations

Branches:
Dungeon (3/15)

Altars:

Shops:
D:3 ?

Annotations:
D:2 1 runed translucent door, Crazy Yiuf


Message History

You feel sick.
You feel sick.
You feel sick.
You are no longer poisoned.
HP restored.
A ball python comes into view.
Found a sapphire potion.
The ball python hisses angrily.
The ball python closely misses you. The ball python grabs you.
The ball python constricts you.
You slash the ball python!
You kill the ball python!
There is an entrance to Hir Ytum's Magic Scroll Boutique here.
Found a hand axe.
There is an entrance to Hir Ytum's Magic Scroll Boutique here.
h - 3 scrolls of identify (gained 1);
o - a scroll of enchant weapon Thank you for shopping at Hir Ytum's Magic Scroll Boutique!
p - a sapphire potion An iguana comes into view.
The iguana hisses angrily.
You now have 88 gold pieces (gained 13).
You hit the iguana but do no damage. The iguana bites you.
You hit the iguana but do no damage. The iguana bites you.
You slash the iguana!
The iguana is heavily wounded.
The iguana bites you!
You hit the iguana.
The iguana is severely wounded.
The iguana bites you.
You hit the iguana but do no damage.
The iguana is severely wounded.
The iguana bites you!
You hit the iguana but do no damage.
The iguana is severely wounded.
The iguana bites you!
* * * LOW HITPOINT WARNING * * *
You hit the iguana.
The iguana is almost dead.
The iguana bites you.
You die...

.. ... #.# #l# #.#
#.# # # #.####.####.#
##### #......l@...#
....##########.######
###..............# #
############.#.# #
....# # ### .....# #
#.. ?.....# # #.#
##.....# #####.###
#.....#


You could see an iguana.

Vanquished Creatures
  4 gnolls (D:2)
  An adder (D:3)
  6 ball pythons
  3 endoplasms
  4 goblins (D:2)
  3 hobgoblins
  3 jackals (D:1)
  6 kobolds
  2 quokkas
  6 bats
  3 frilled lizards (D:1)
  2 rats
43 creatures vanquished.

Notes
Turn   | Place    | Note
-------+----------+-------------------------------------------
     0 | D:1      | Okkudo the Hill Orc Monk began the quest for the Orb.
     0 | D:1      | Reached XP level 1. HP: 19/19 MP: 1/1
     6 | D:1      | Noticed a boulder beetle
     6 | D:1      | Noticed a black mamba
     6 | D:1      | Noticed a black bear
     7 | D:1      | Noticed a wolf
     7 | D:1      | Noticed a lindwurm
   229 | D:1      | Reached XP level 2. HP: 24/26 MP: 2/2
   299 | D:1      | Reached skill level 5 in Axes
   789 | D:2      | Reached XP level 3. HP: 31/31 MP: 3/3
   846 | D:2      | Reached skill level 6 in Axes
   861 | D:2      | HP: 1/31 [gnoll/+0 spear (5)]
   863 | D:2      | Reached XP level 4. HP: 2/39 MP: 4/4
  1080 | D:2      | Found a faded altar of an unknown god.
  1566 | D:2      | Found a runed translucent door.
  1567 | D:2      | Noticed Crazy Yiuf
  1680 | D:3      | Found Hir Ytum's Magic Scroll Boutique.
  1734 | D:3      | Bought a scroll of identify for 22 gold pieces
  1734 | D:3      | Bought a scroll of enchant weapon for 82 gold pieces
  1782 | D:3      | Slain by an iguana

Illustrated notes

Levels and vault maps discovered:
D:1:      onia_arrival_zoo_common, layout_basic, chequers_serial_rivers_micro_c
D:2:      cheibrodos_helix_gallery, layout_loops_cross, basic_ecumenical_altar,
          uniq_crazy_yiuf_cottage
D:3:      layout_loops_ring, serial_shops, nicolae_diamond_shop, uniq_jessica

Skill      XL: |  1  2  3 |
---------------+----------+-----
Axes           | 5 6 |  6.8
Fighting       | |  3.6
Dodging        | |  2.4

Action                     |  1- 3 |  4- 6 || total
---------------------------+-------+-------++-------
  Melee: Hand axe          |    72 |    48 ||   120
 Armour: Robe              |     9 |       ||     9
         Chain mail        |    52 |    37 ||    89
  Dodge: Dodged            |    57 |    28 ||    85

Table legend: (Time is in decaauts)
 A = Elapsed time spent in this place.
 B = Non-inter-level travel time spent in this place.
 C = Inter-level travel time spent in this place.
 D = Time resting spent in this place.
 E = Time spent auto-exploring this place.
 F = Levels seen in this place.
 G = Mean time per level.
                   A        B        C        D        E       F      G
               +--------+--------+--------+--------+--------+-----+--------+
         Total |   1785 |   1760 |     25 |    136 |   1021 |   3 |  595.0 |
       Dungeon |   1785 |   1760 |     25 |    136 |   1021 |   3 |  595.0 |
               +--------+--------+--------+--------+--------+-----+--------+

Top non-repeatable levels by time:
     D:2: 853 daAuts
     D:1: 781 daAuts
     D:3: 149 daAuts
